 Dungeon Crawl Stone Soup version 0.22-a0-467-g5c5de1c (webtiles) character file.

5481 HyperPerson7 the Arsonist (level 10, -1/50 HPs)
             Began as a Deep Elf Fire Elementalist on June 10, 2018.
             Was a Believer of Vehumet.
             Slain by a two-headed ogre
             ... wielding a +0 giant club
              (29 damage)
             ... on level 9 of the Dungeon.
             The game lasted 00:23:37 (9437 turns).

HyperPerson7 the Arsonist (DEFE)                    Turns: 9437, Time: 00:23:38

Health: -1/50      AC:  6    Str:  5    XL:     10   Next: 42%
Magic:  17/24      EV: 13    Int: 24    God:    Vehumet [**....]
Gold:   453        SH:  0    Dex: 19    Spells: 11/26 levels left

rFire    . . .     SeeInvis .   s - +3 dagger (elec)
rCold    . . .     Gourm    .   (no shield)
rNeg     . . .     Faith    +   a - +0 robe
rPois    .         Spirit   .   p - +1 helmet
rElec    .         Reflect  .   (no cloak)
rCorr    .         Harm     .   z - +1 pair of gloves
MR       +....                  (no boots)
Stlth    ++++......             i - amulet of faith {!P}
HPRegen  0.16/turn              E - ring of wizardry
MPRegen  0.19/turn              m - +4 ring of dexterity

@: no status effects
A: no striking features
a: Renounce Religion


You were on level 9 of the Dungeon.
You worshipped Vehumet.
Vehumet was pleased with you.
You were not hungry.

You visited 2 branches of the dungeon, and saw 10 of its levels.

You collected 453 gold pieces.

Inventory:

Hand Weapons
 j - a +0 trident
 s - a +3 dagger of electrocution (weapon)
 y - a +0 longbow
Missiles
 I - 48 stones (quivered)
Armour
 a - a +0 robe (worn)
 f - a +0 buckler
 p - a +1 helmet (worn)
 z - a +1 pair of gloves (worn)
 A - a cursed +0 leather armour
Jewellery
 d - an uncursed ring of flight
 i - an amulet of faith (around neck) {!P}
 m - a +4 ring of dexterity (right hand)
 q - an uncursed ring of fire
 E - a ring of wizardry (left hand)
 Z - an uncursed ring of see invisible
Wands
 o - a wand of disintegration (11)
 C - a wand of paralysis (8)
 G - a wand of acid (4)
Scrolls
 n - a scroll of random uselessness {unknown}
 r - 6 scrolls of remove curse
 t - 5 scrolls of teleportation
 u - a scroll of amnesia
 w - a scroll of enchant weapon {unknown}
 D - a scroll of immolation {unknown}
 H - a scroll of silence {unknown}
Potions
 b - a potion of degeneration {!q!q}
 c - 4 potions of curing
 g - a potion of flight {unknown}
 h - 2 potions of magic
 k - 2 potions of brilliance
 l - 2 potions of cancellation
 v - a potion of resistance {unknown}
 x - a potion of heal wounds {unknown}
 B - 2 potions of might
 F - 2 potions of lignification {unknown}
Comestibles
 e - 21 rations


   Skills:
 - Level 2.4 Dodging
 + Level 8.6 Stealth
 + Level 8.8 Spellcasting
 * Level 10.0 Conjurations
 * Level 10.4 Fire Magic


You had 11 spell levels left.
You knew the following spells:

 Your Spells              Type           Power        Failure   Level  Hunger
a - Flame Tongue          Conj/Fire      #####        1%          1    None
b - Sandblast             Erth           ##....       2%          1    None
e - Conjure Flame         Conj/Fire      ######..     1%          3    None
f - Sticky Flame          Conj/Fire      ######..     1%          4    ##.....
s - Fireball              Conj/Fire      ######....   1%          5    ####...
Q - Animate Skeleton      Necr           N/A          2%          1    None

Your spell library contained the following spells:

 Spells                   Type           Power        Failure   Level  Hunger
 Magic Dart               Conj           ####         1%          1    None
 Throw Flame              Conj/Fire      ######       1%          2    None
 Throw Frost              Conj/Ice       ####..       1%          2    None
 Mephitic Cloud           Conj/Pois/Air  ####....     1%          3    None
 Venom Bolt               Conj/Pois      ####......   9%          5    ####...
 Olgreb's Toxic Radiance  Pois           ##......     24%         4    ##.....
 Iskenderun's Mystic Bla  Conj           ######..     1%          4    ##.....
 Animate Dead             Necr           N/A          24%         4    ##.....
 Pain                     Necr           ##..         2%          1    None
 Vampiric Draining        Necr           ##........   8%          3    None
 Freeze                   Ice            ##..         2%          1    None
 Summon Ice Beast         Ice/Summ       ##......     24%         4    ##.....
 Ozocubu's Armour         Chrm/Ice       ##......     8%          3    None
 Regeneration             Chrm/Necr      ##........   8%          3    None
 Sting                    Conj/Pois      ####         1%          1    None
 Throw Icicle             Conj/Ice       ####....     3%          4    ##.....
 Inner Flame              Hex/Fire       #####...     1%          3    None
 Fulminant Prism          Conj/Hex       ####......   3%          4    ##.....
 Dazzling Spray           Conj/Hex       ####..       1%          3    None
 Force Lance              Conj/Tloc      ####....     3%          4    ##.....
 Searing Ray              Conj           ######       1%          2    None
 Poisonous Vapours        Pois/Air       ##....       3%          2    None


Dungeon Overview and Level Annotations

Branches:
Dungeon (9/15)             Temple (1/1) D:6            Lair (0/6) D:9
    Orc: D:9-12

Altars:
Ashenzari
Cheibriados
Dithmenos
Elyvilon
Fedhas
Gozag
Hepliaklqana
Kikubaaqudgha
Makhleb
Nemelex Xobeh
Okawaru
Qazlal
Ru
Sif Muna
Trog
Uskayaw
Vehumet
Wu Jian
Xom
Yredelemnul
Zin
The Shining One

Annotations:
D:3 Grinder


Message History

You feel your power returning.
Casting: Flame Tongue (safe; 1% risk of failure)
Confirm with . or Enter, or press ? or * to list all spells.
Aiming: Flame Tongue (safe; 1% risk of failure)
Press: ? - help, Shift-Dir - straight line, f - two-headed ogre
Aim: a two-headed ogre, wielding a giant club and a giant spiked club The flame tongue hits the two-headed ogre.
The two-headed ogre appears unharmed.
Casting: Flame Tongue (safe; 1% risk of failure)
Confirm with . or Enter, or press ? or * to list all spells.
Aiming: Flame Tongue (safe; 1% risk of failure)
Press: ? - help, Shift-Dir - straight line, f/p - two-headed ogre
Aim: a two-headed ogre, wielding a giant club and a giant spiked club (flame)
The flame tongue hits the two-headed ogre.
The two-headed ogre is lightly wounded.
The two-headed ogre is engulfed in blazing flames.
The two-headed ogre hits you with a giant club!!
The two-headed ogre hits you with a giant spiked club!!
Ouch! That really hurt!
You die...

##.# ###'#######
##.########.........#
##....#....'.........#
......#.####.........#
##....#.# #.........#
#......# #.........#
#....### #.........#
###### #######'###
#.@..# ##O#### #..#
#.## ... ..... ###...
#... #...


You could see a two-headed ogre.

Vanquished Creatures
  A hydra (D:9)
  A two-headed ogre (D:5)
  Psyche (D:8)
  A hornet (D:9)
  2 dream sheep (D:9)
  A wyvern (D:8)
  2 yaks (D:9)
  A hungry ghost (D:7)
  2 water moccasins
  2 hell hounds (D:9)
  2 orc warriors
  A phantom (D:8)
  5 ogres
  A necrophage (D:7)
  2 centaurs
  4 big kobolds
  3 bullfrogs
  3 scorpions
  4 crimson imps
  A howler monkey (D:7)
  2 bullfrog zombies (D:6)
  2 jellies
  2 orc wizards
  An orc priest (D:3)
  A centaur skeleton (D:4)
  3 hounds
  A bullfrog skeleton (D:8)
  Ijyb (D:3)
  3 iguanas
  6 worker ants
  A worker ant zombie (D:6)
  Robin (D:3)
  11 adders
  2 shadow imps
  2 adder skeletons
  2 worms
  6 leopard geckos
  19 orcs
  A ball python (D:5)
  5 bats
  7 giant cockroaches
  13 hobgoblins
  4 jackals (D:2)
  3 quokkas
  2 frilled lizards
  15 goblins
  A jackal skeleton (D:4)
  9 kobolds
  A leopard gecko zombie (D:6)
  A quokka skeleton (D:4)
  4 rats
172 creatures vanquished.

Vanquished Creatures (others)
  A kobold (D:8)
1 creature vanquished.

Grand Total: 173 creatures vanquished

Notes
Turn   | Place    | Note
-------+----------+-------------------------------------------
     0 | D:1      | HyperPerson7 the Deep Elf Fire Elementalist began the quest for the Orb.
     0 | D:1      | Reached XP level 1. HP: 10/10 MP: 6/6
   255 | D:1      | Reached XP level 2. HP: 15/15 MP: 6/8
  1402 | D:2      | Reached XP level 3. HP: 19/19 MP: 5/9
  1407 | D:2      | Learned a level 3 spell: Conjure Flame
  2128 | D:3      | Reached XP level 4. HP: 24/24 MP: 0/11
  2310 | D:3      | Noticed Grinder
  2517 | D:3      | Noticed Ijyb
  2520 | D:3      | Killed Ijyb
  2838 | D:3      | Reached XP level 5. HP: 28/28 MP: 7/12
  2838 | D:3      | Noticed Robin
  2843 | D:3      | Killed Robin
  3623 | D:3      | Reached skill level 5 in Fire Magic
  3674 | D:4      | Reached XP level 6. HP: 32/32 MP: 9/14
  4074 | D:4      | Learned a level 4 spell: Sticky Flame
  4311 | D:4      | Reached XP level 7. HP: 36/36 MP: 8/16
  4509 | D:5      | Entered Level 5 of the Dungeon
  4530 | D:5      | Reached skill level 5 in Conjurations
  4658 | D:5      | Found an iron altar of Okawaru.
  4778 | D:5      | Reached skill level 5 in Spellcasting
  4863 | D:5      | Reached skill level 5 in Stealth
  4900 | D:5      | Noticed a two-headed ogre
  4914 | D:5      | Killed a two-headed ogre
  4914 | D:5      | Reached XP level 8. HP: 41/41 MP: 5/19
  5409 | D:6      | Found a hide-covered altar of Uskayaw.
  5409 | D:6      | Noticed a hand axe
  5409 | D:6      | Noticed a hand axe
  5617 | D:6      | Found a staircase to the Ecumenical Temple.
  5627 | Temple   | Entered the Ecumenical Temple
  5667 | Temple   | Became a worshipper of Vehumet
  5736 | D:6      | Noticed Edmund
  5903 | D:6      | Found a shadowy altar of Dithmenos.
  6477 | D:7      | Learned a level 1 spell: Animate Skeleton
  6536 | D:7      | Reached XP level 9. HP: 45/45 MP: 9/21
  7068 | D:8      | Noticed Psyche
  7086 | D:8      | Learned a level 5 spell: Fireball
  7271 | D:8      | Killed Psyche
  7280 | D:8      | Reached * piety under Vehumet
  7280 | D:8      | Offered knowledge of Sandblast by Vehumet.
  8772 | D:9      | Learned a level 1 spell: Sandblast
  8923 | D:9      | Reached XP level 10. HP: 50/50 MP: 15/24
  8925 | D:9      | Reached ** piety under Vehumet
  8932 | D:9      | Reached skill level 10 in Fire Magic
  8961 | D:9      | Noticed a three-headed hydra
  8973 | D:9      | Killed a three-headed hydra
  8973 | D:9      | Offered knowledge of Shock by Vehumet.
  9192 | D:9      | Found a staircase to the Lair.
  9388 | D:9      | Reached skill level 10 in Conjurations
  9428 | D:9      | Noticed a two-headed ogre
  9437 | D:9      | Slain by a two-headed ogre

Vault maps used:
D:1:      onia_arrival_mini_spirals
D:2:      first_ration
D:3:      cheibrodos_greedy_goblins, uniq_ijyb, uniq_robin,
          uniq_crazy_yiuf_cottage, uniq_grinder, uniq_sigmund
D:5:      okawaru_metal_pillars_1_2
D:6:      dancing_weapons_uskayaw, minmay_temple_entry_steel_oval,
          nicolae_dithmenos_the_darkroom, uniq_edmund
D:8:      uniq_psyche
D:9:      minmay_lair_entry_lava, hangedman_ranch, trog_wizard
Temple:   nicolae_temple_the_god_donut

Skill      XL: |  1  2  3  4  5  6  7  8  9 10 |
---------------+-------------------------------+-----
Conjurations   | 2 3 4 6 7 9 10 | 10.0
Stealth        | 3 4 5 6 8 |  8.6
Fire Magic     | 4 5 7 8 9 10 | 10.4
Spellcasting   | 4 6 8 |  8.8
Dodging        | |  2.4

Action                   |  1- 3 |  4- 6 |  7- 9 | 10-12 || total
-------------------------+-------+-------+-------+-------++-------
Melee: Whip              |     4 |     2 |       |       ||     6
       Dagger            |       |       |    44 |     5 ||    49
       Trident           |       |       |    10 |       ||    10
 Cast: Flame Tongue      |    77 |   102 |   224 |    19 ||   422
       Conjure Flame     |     5 |     4 |    12 |     1 ||    22
       Sticky Flame      |       |     1 |     4 |       ||     5
       Fireball          |       |       |     6 |     4 ||    10
       Animate Skeleton  |       |       |     4 |     4 ||     8
       Sandblast         |       |       |       |     7 ||     7
Evoke: Wand              |       |       |       |     7 ||     7
  Use: Scroll            |     4 |     1 |     7 |       ||    12
 Stab: Sleeping          |       |       |     1 |       ||     1
  Eat: Chunk             |     4 |     7 |    10 |     2 ||    23
       Ration            |       |       |     2 |       ||     2
Armor: Robe              |     7 |     1 |    17 |     2 ||    27
Dodge: Dodged            |    23 |    13 |    52 |     5 ||    93

Table legend:
 A = Spawn XP
 B = Non-spawn XP
 C = Spawn XP percentage of total XP
 D = Spawn monster count
 E = Non-spawn monster count
 F = Spawn count percentage of total count
 G = Total turns spent on level
                    A         B        C        D         E        F      G
               +---------+---------+-------+---------+---------+-------+---------
         Total |       0 |    7831 |   0.0 |       0 |     172 |   0.0 |  9437
               +---------+---------+-------+---------+---------+-------+---------
           D:1 |       0 |      32 |   0.0 |       0 |      18 |   0.0 |  1055
           D:2 |       0 |      63 |   0.0 |       0 |      17 |   0.0 |  1065
           D:3 |       0 |     237 |   0.0 |       0 |      39 |   0.0 |  1549
           D:4 |       0 |     463 |   0.0 |       0 |      14 |   0.0 |   840
           D:5 |       0 |    1332 |   0.0 |       0 |      13 |   0.0 |   900
           D:6 |       0 |     364 |   0.0 |       0 |      13 |   0.0 |   727
           D:7 |       0 |    1055 |   0.0 |       0 |      15 |   0.0 |  1509
           D:8 |       0 |    1606 |   0.0 |       0 |      27 |   0.0 |  1150
           D:9 |       0 |    2679 |   0.0 |       0 |      16 |   0.0 |   590
               +---------+---------+-------+---------+---------+-------+---------
